 Dungeon Crawl Stone Soup version 0.30.1-11-g7821555f0a (webtiles) character file.

Game seed: 3754989917462301720

226 booth the Chopper (level 5, 0/42 HPs)
             Began as a Demonspawn Monk on Nov 3, 2023.
             Slain by Crazy Yiuf
             ... wielding a +4 quarterstaff of chaos
              (10 damage)
             ... on level 2 of the Dungeon.
             The game lasted 00:09:02 (2061 turns).

booth the Chopper (Demonspawn Monk)                 Turns: 2061, Time: 00:09:03

Health: 0/42       AC:  4    Str: 14    XL:     5   Next: 69%
Magic:  5/5        EV: 13    Int: 11    God:
Gold:   150        SH:  0    Dex: 15    Spells: 4/4 levels left

rFire   . . .        a - +0 hand axe
rCold   . . .        d - orb {light}
rNeg    . . .        i - +0 leather armour
rPois   .            g - +0 helmet
rElec   .            (no cloak)
rCorr   .            (no gloves)
SInv    .            (no boots)
Will    .....        (no amulet)
Stlth   +            (no ring)
HPRegen 0.27/turn    (no ring)
MPRegen 0.09/turn

%: no passive effects
@: confused, mighty, ambrosia-drunk, glowing
A: claws 1, large bone plates 2, ignite blood 1
a: no special abilities


You were on level 2 of the Dungeon.
You visited 1 branch of the dungeon, and saw 2 of its levels.

You collected 150 gold pieces.

Inventory:

Hand Weapons
 a - a +0 hand axe (weapon)
 l - a +0 war axe
Missiles
 b - 4 poisoned darts (quivered)
Armour
 d - an orb of light (worn)
 g - a +0 helmet (worn)
 i - a +0 leather armour (worn)
Jewellery
 f - a ring of protection from fire
 h - a ring of magical power
Scrolls
 e - a scroll of fear
 j - a scroll of teleportation {unknown}
Potions
 k - 2 potions of might
 m - a potion of degeneration {unknown}


   Skills:
 + Level 4.0 Fighting
 * Level 4.2 Axes
 + Level 1.8 Throwing
 + Level 3.6 Dodging


You had 4 spell levels left.
You didn't know any spells.
Your spell library contained the following spells:

 Spells                   Type           Power      Damage    Failure   Level
 Call Canine Familiar     Summ           0%         N/A       80%         3
 Portal Projectile        Hex/Tloc       0%         N/A       80%         3
 Leda's Liquefaction      Hex/Erth       0%         N/A       99%         4


Dungeon Overview and Level Annotations

Branches:
Dungeon (2/15)

Altars:
Yredelemnul

Annotations:
D:2 Crazy Yiuf


Innate Abilities, Weirdness & Mutations

You have sharp fingernails.
You are mostly covered in large bone plates. (SH +6)
Your demonic aura sometimes causes spilled blood to erupt in flames.


Message History

b - 5 poisoned darts (gained 1) HP restored.
There is an open door here.
Found a hammer.
Found a runed translucent door.
Crazy Yiuf shouts!
You open the door.
There is an open door here.
There is a stone staircase leading down here.
There is an open door here.
Could not explore, unopened runed door.
You open the door.
Throw: 5 darts (poison)
Press: ? - help, Q - select action Shift-Dir - straight line, f - Crazy Yiuf
Aim: Crazy Yiuf, wielding a +4 quarterstaff of chaos and wearing a +0 cloak (haloed, 82% to hit)
You throw a poisoned dart. The poisoned dart hits Crazy Yiuf.
Crazy Yiuf is poisoned.
You hit Crazy Yiuf.
Crazy Yiuf is lightly wounded.
Crazy Yiuf says, "Lugonu!"
Crazy Yiuf misses you.
You hit Crazy Yiuf.
Crazy Yiuf is moderately wounded.
Crazy Yiuf hits you with a +4 quarterstaff of chaos!
Space warps around you.
You hit Crazy Yiuf but do no damage.
Crazy Yiuf is moderately wounded.
Crazy Yiuf hits you with a +4 quarterstaff of chaos.
Crazy Yiuf freezes you.
Crazy Yiuf screams, "Paint horse forty-two!"
Crazy Yiuf hits you with a +4 quarterstaff of chaos!
* * * LOW HITPOINT WARNING * * *
Crazy Yiuf burns you.
* * * LOW HITPOINT WARNING * * *
You are confused.
You feel invigorated. Crazy Yiuf misses you.
You feel very mighty all of a sudden.
Crazy Yiuf hits you with a +4 quarterstaff of chaos.
* * * LOW HITPOINT WARNING * * *
You are electrocuted!
You die...

.................................
######.....###########......#####
......>....# #.#....# ##
######.##..# ##### #.#....# #.
..[........# #..)# #.#....# #.
######.##..# #...# #<#....# #. #
#.##..# .(. #.#....## #.
######.##..# #g# #.......###.
#......##..# ##@# #.........#.
#......##### #.## #.......#.#.
#......##### ##.# #...........
#..........# #.## ##..........
#.......#### ##.## #..........
#.......# #...## #.......)..
#.......# #....# #..........
........# #....# ########)..
######.## ####....#### ####...


You could see Crazy Yiuf (poisoned).

Vanquished Creatures
  Sigmund (D:2)
  2 adders (D:2)
  2 dart slugs
  A worm (D:2)
  6 endoplasms
  2 giant cockroaches
  3 goblins
  2 hobgoblins (D:1)
  2 quokkas (D:1)
  A ball python (D:1)
  3 bats
  2 frilled lizards
  5 kobolds
  4 rats
36 creatures vanquished.

Notes
Turn   | Place    | Note
-------+----------+-------------------------------------------
     0 | D:1      | booth the Demonspawn Monk began the quest for the Orb.
     0 | D:1      | Reached XP level 1. HP: 18/18 MP: 1/1
   278 | D:1      | Gained mutation: You are partially covered in large bone
                  | plates. (SH +4) [demonic ancestry]
   278 | D:1      | Reached XP level 2. HP: 9/24 MP: 2/2
   435 | D:1      | Found a faded altar of an unknown god.
  1027 | D:2      | Gained mutation: Your demonic aura sometimes causes spilled
                  | blood to erupt in flames. [demonic ancestry]
  1027 | D:2      | Reached XP level 3. HP: 29/29 MP: 3/3
  1030 | D:2      | Found a basalt altar of Yredelemnul.
  1768 | D:2      | Noticed Sigmund
  1782 | D:2      | Killed Sigmund
  1783 | D:2      | Reached skill level 1 in Throwing
  1783 | D:2      | Gained mutation: You have sharp fingernails. [demonic
                  | ancestry]
  1783 | D:2      | Reached XP level 4. HP: 25/37 MP: 4/4
  1783 | D:2      | Gained mutation: You are mostly covered in large bone
                  | plates. (SH +6) [demonic ancestry]
  1783 | D:2      | Reached XP level 5. HP: 28/42 MP: 5/5
  1916 | D:2      | Found a runed translucent door.
  1917 | D:2      | Noticed Crazy Yiuf
  2061 | D:2      | Slain by Crazy Yiuf

Illustrated notes

Levels and vault maps discovered:
D:1:      dpeg_arrival_leaves_temple_mockup, layout_rooms,
          shapermc_ecumenical_altar_petra, hex_intersection
D:2:      layout_basic, basic_altar, uniq_sigmund, uniq_crazy_yiuf_cottage

Skill      XL: |  1  2  3 |
---------------+----------+-----
Axes           | 3 4 |  4.2
Dodging        | 3 |  3.6
Fighting       | 4 |  4.0
Throwing       | 1 |  1.8

Action                     |  1- 3 |  4- 6 || total
---------------------------+-------+-------++-------
  Melee: Hand axe          |   124 |     3 ||   127
  Throw: Dart              |     3 |     1 ||     4
    Use: Scroll            |     2 |       ||     2
         Potion            |       |     2 ||     2
 Armour: Robe              |     7 |       ||     7
         Leather armour    |    20 |       ||    20
  Dodge: Dodged            |    53 |     2 ||    55
  Block: Orb               |     8 |       ||     8
